 Dungeon Crawl Stone Soup version 0.22.1-6-g1668fe2c40 (webtiles) character file.

1005 Gargoyl the Chopper (level 8, -1/66 HPs)
             Began as a Centaur Abyssal Knight on Jan 19, 2019.
             Was a Priest of Lugonu.
             Slain by a hippogriff (7 damage)
             ... on level 5 of the Dungeon.
             The game lasted 00:10:29 (7682 turns).

Gargoyl the Chopper (Centaur Abyssal Knight)        Turns: 7682, Time: 00:10:30

Health: -1/66      AC:  4    Str: 15    XL:     8   Next: 0%
Magic:  11/11      EV:  0    Int: 11    God:    Lugonu [***...]
Gold:   427        SH: 10    Dex: 11    Spells: 7/7 levels left

rFire    + + .     SeeInvis .   a - +1 hand axe
rCold    . . .     Gourm    .   s - +0 large shield
rNeg     . . .     Faith    .   m - +0 chain mail
rPois    .         Spirit   .   l - +2 helmet
rElec    .         Reflect  .   (no cloak)
rCorr    .         Harm     .   h - +0 pair of gloves
MR       .....                  (no barding)
Stlth    ..........             d - amulet of the acrobat
HPRegen  0.21/turn              q - ring of flight
MPRegen  0.12/turn              r - ring "Bupeetepp" {*Corrode rF++ Stlth-}

@: corroded, very quick
A: large, hooves 3, deformed body, speed 2, tough skin 3
a: Depart the Abyss, Bend Space, Banish, Renounce Religion, Evoke Flight


You were on level 5 of the Dungeon.
You worshipped Lugonu.
Lugonu was most pleased with you.
You were not hungry.

You visited 1 branch of the dungeon, and saw 5 of its levels.
You visited the Abyss 1 time.

You collected 427 gold pieces.

Inventory:

Hand Weapons
 a - a +1 hand axe (weapon)
Missiles
 n - 4 tomahawks (quivered)
Armour
 h - a +0 pair of gloves (worn)
 l - a +2 helmet (worn)
 m - a +0 chain mail (worn)
 s - a +0 large shield (worn)
 u - a cursed +0 ring mail
Jewellery
 d - an amulet of the acrobat (around neck)
 q - a ring of flight (left hand)
 r - the ring "Bupeetepp" (right hand) {*Corrode rF++ Stlth-}
   (You found it on level 5 of the Dungeon)

   [ring of attention]

   It greatly protects you from fire.
   It may corrode you when you take damage.
   It makes you less stealthy.
Wands
 e - a wand of digging (17)
 t - a wand of polymorph (14)
Scrolls
 b - 2 scrolls of teleportation
 f - a scroll of identify
Potions
 g - 2 potions of brilliance
 i - 5 potions of might
 k - a potion of agility {unknown}
 o - 2 potions of flight
 p - 2 potions of haste {unknown}
Comestibles
 c - 9 rations


   Skills:
 + Level 4.3 Fighting
 + Level 4.6 Axes
 * Level 4.1 Armour
 * Level 2.4 Dodging
 + Level 0.5 Shields
 * Level 4.3 Invocations


You had 7 spell levels left.
You didn't know any spells.
Your spell library was empty.

Dungeon Overview and Level Annotations

Branches:
Dungeon (5/15)             Temple (0/1) D:4

Altars:
Ashenzari
Cheibriados
Vehumet


Innate Abilities, Weirdness & Mutations

You have hooves in place of feet.
Armour fits poorly on your strangely shaped body.
You cover ground very quickly.
You have extremely tough skin. (AC +3)


Message History

You block the hippogriff's attack.
The hippogriff pecks you but does no damage.
You block the hippogriff's attack.
Unknown command.
You hit the hippogriff.
The hippogriff is moderately wounded.
The hippogriff bites you.
Your corrosive artefact corrodes you!
The hippogriff pecks you. The hippogriff claws you.
You hit the hippogriff but do no damage.
The hippogriff is moderately wounded.
The hippogriff bites you.
* * * LOW HITPOINT WARNING * * *
The hippogriff pecks you.
* * * LOW HITPOINT WARNING * * *
You block the hippogriff's attack. The hippogriff bites you.
* * * LOW HITPOINT WARNING * * *
The hippogriff pecks you.
* * * LOW HITPOINT WARNING * * *
The hippogriff claws you!
You die...

.# #.............######...## ##
.# #................[.##.######
.# #.............####..........
.# #(............# #..........
.#####.....).......####........).
.....##.<..[............##.######
.....##..).........######...## ##
...................#####.....###.
.####...........@.....#.......#..
.# #..........H#'#.#.#.......#..
.# #...........#.#.#,#...[...#..
.# #...........#.#.#,##.....###.
.# #...........#.#.#,,##...##*##
.########.......###.##.######,,,#
.......##.......#....,.....,,,,,,
.......##.......#.#.##....,,,,,,,
.......########.#.#.......#****,,


You could see a hippogriff.

Vanquished Creatures
  A phantom (D:4)
  3 ogres
  A scorpion (D:4)
  A jelly (D:4)
  2 howler monkeys
  3 orc priests
  A hound (D:4)
  An orc wizard (D:3)
  A bullfrog skeleton (D:5)
  Terence (D:2)
  2 worker ants (D:4)
  Robin (D:4)
  2 howler monkey skeletons
  8 adders
  A shadow imp (D:5)
  An ooze (D:1)
  An adder zombie (D:5)
  An adder skeleton (D:4)
  2 worms
  2 dart slugs (D:1)
  3 leopard geckos
  24 orcs
  5 bats
  5 giant cockroaches
  10 goblins
  16 hobgoblins
  7 jackals
  4 quokkas
  2 ball pythons
  3 frilled lizards
  3 kobolds
  4 rats
122 creatures vanquished.

Vanquished Creatures (others)
  2 starspawn tentacles (Abyss:1)
2 creatures vanquished.

Grand Total: 124 creatures vanquished

Notes
Turn   | Place    | Note
-------+----------+-------------------------------------------
     0 | Abyss:1  | Gargoyl the Centaur Abyssal Knight began the quest for the
                  | Orb.
     0 | Abyss:1  | Reached XP level 1. HP: 19/19 MP: 2/2
    46 | Abyss:1  | Noticed a smoke demon
    73 | Abyss:1  | Noticed an orange demon
    80 | Abyss:1  | Noticed a raiju
    92 | Abyss:1  | Noticed a small abomination
   105 | Abyss:1  | Noticed a small abomination
   122 | Abyss:1  | Noticed a small abomination
   123 | Abyss:1  | Noticed a tentacled starspawn
   127 | Abyss:1  | Noticed a wretched star
   131 | Abyss:1  | Noticed a wretched star
   132 | Abyss:1  | Noticed a reaper
   135 | D:1      | Escaped the Abyss
   391 | D:1      | Reached XP level 2. HP: 26/26 MP: 3/3
   563 | D:1      | Reached * piety under Lugonu
   568 | D:1      | HP: 1/26 [goblin/whip (5)]
  1063 | D:1      | Reached skill level 1 in Dodging
  1254 | D:1      | Reached XP level 3. HP: 20/31 MP: 4/4
  1752 | D:2      | Noticed Terence
  1762 | D:2      | Killed Terence
  1762 | D:2      | Reached XP level 4. HP: 6/38 MP: 5/5
  2422 | D:2      | Found a radiant altar of Vehumet.
  3096 | D:3      | Reached XP level 5. HP: 37/45 MP: 7/7
  3497 | D:3      | Reached ** piety under Lugonu
  3965 | D:3      | Reached XP level 6. HP: 42/52 MP: 8/8
  4850 | D:5      | Entered Level 5 of the Dungeon
  5020 | D:4      | Reached XP level 7. HP: 35/59 MP: 9/9
  5260 | D:4      | Found a snail-covered altar of Cheibriados.
  5444 | D:4      | Noticed Robin
  5463 | D:4      | Killed Robin
  5595 | D:4      | Found a staircase to the Ecumenical Temple.
  5909 | D:5      | Found a shattered altar of Ashenzari.
  5913 | D:5      | Saw a vision of the Swamp and the Spider Nest.
  5913 | D:5      | Noticed an alligator
  5913 | D:5      | Noticed a redback
  5913 | D:5      | Noticed an alligator
  5913 | D:5      | Noticed a redback
  5913 | D:5      | Noticed a redback
  5914 | D:5      | Noticed a redback
  6006 | D:5      | Got a scintillating platinum ring
  6028 | D:5      | Identified the ring "Bupeetepp" {*Corrode rF++ Stlth-} (You
                  | found it on level 5 of the Dungeon)
  6029 | D:5      | Noticed a hippogriff
  6517 | D:5      | Reached *** piety under Lugonu
  7572 | D:5      | Reached XP level 8. HP: 55/66 MP: 11/11
  7682 | D:5      | Slain by a hippogriff

Skill      XL: |  1  2  3  4  5  6  7 |
---------------+----------------------+-----
Axes           | 2 3 4 |  4.6
Dodging        | 1 2 |  2.4
Armour         | 2 3 4 |  4.1
Invocations    | 3 4 |  4.3
Fighting       | 4 |  4.3
Shields        | |  0.5

Action                   |  1- 3 |  4- 6 |  7- 9 || total
-------------------------+-------+-------+-------++-------
Melee: Hand axe          |    76 |   220 |   152 ||   448
       Kick              |    11 |    46 |    33 ||    90
Invok: Depart the Abyss  |     1 |       |       ||     1
  Use: Potion            |       |     2 |     1 ||     3
       Scroll            |       |     6 |     3 ||     9
  Eat: Chunk             |     1 |     9 |     2 ||    12
       Ration            |       |     1 |     1 ||     2
Armor: Leather armour    |    23 |       |       ||    23
       Scale mail        |       |    67 |       ||    67
       Chain mail        |       |    90 |   126 ||   216
Dodge: Dodged            |    62 |   108 |    32 ||   202
Block: Large shield      |       |       |    52 ||    52
